 Dungeon Crawl Stone Soup version 0.24-a0-370-g78e9d4e317 (webtiles) character file.

Game seed: 566386041760360695

266 Esekla the Sneak (level 6, -4/39 HPs)
             Began as an Octopode Wizard on May 30, 2019.
             Was an Initiate of Vehumet.
             Slain by a centaur zombie (6 damage)
             ... on level 5 of the Dungeon.
             The game lasted 00:39:26 (4553 turns).

Esekla the Sneak (Octopode Wizard)                  Turns: 4553, Time: 00:39:26

Health: -4/39      AC:  2    Str:  8    XL:     6   Next: 20%
Magic:  0/11       EV: 13    Int: 20    God:    Vehumet [......]
Gold:   208        SH:  0    Dex: 11    Spells: 3/12 levels left

rFire    . . .     SeeInvis .   b - +0 dagger
rCold    . . .     Gourm    .   (no shield)
rNeg     . . .     Faith    .   a - +1 hat
rPois    +         Spirit   +   h - amulet of guardian spirit
rElec    .         Reflect  .   f - ring of poison resistance
rCorr    .         Harm     .   (no ring)
MR       .....                  (no ring)
Stlth    +++.......             (no ring)
HPRegen  0.13/turn              (no ring)
MPRegen  0.12/turn              (no ring)
                                (no ring)
                                (no ring)

@: no status effects
A: almost no armour, stealthy swim, amphibious, 8 rings, constrict 8, camouflage
1, gelatinous body 1
a: Renounce Religion


You were on level 5 of the Dungeon.
You worshipped Vehumet.
Vehumet was noncommittal.
You were not hungry.

You visited 1 branch of the dungeon, and saw 5 of its levels.

You collected 208 gold pieces.

Inventory:

Hand Weapons
 b - a +0 dagger (weapon)
Armour
 a - a +1 hat (worn)
Jewellery
 f - a ring of poison resistance (left tentacle)
 h - an amulet of guardian spirit (around mantle)
 u - an uncursed amulet of the gourmand
Wands
 r - a wand of digging (5)
Scrolls
 g - 2 scrolls of amnesia
 o - a scroll of enchant weapon {unknown}
 p - a scroll of remove curse {unknown}
 s - a scroll of enchant armour
Potions
 d - a potion of haste
 e - 2 potions of ambrosia
 m - 2 potions of invisibility
 n - a potion of resistance {unknown}
 t - a potion of heal wounds
Comestibles
 c - 2 rations


   Skills:
 * Level 2.1 Fighting
 + Level 1.1 Short Blades
 + Level 0.2 Throwing
 + Level 2.3 Dodging
 + Level 3.9 Stealth
 + Level 3.5 Spellcasting
 * Level 2.2 Conjurations
   Level 1.0 Summonings
 + Level 2.1 Translocations
 * Level 1.1 Fire Magic
 * Level 1.3 Air Magic
 * Level 1.5 Poison Magic


You had 3 spell levels left.
You knew the following spells:

 Your Spells              Type           Power        Failure   Level  Hunger
a - Magic Dart            Conj           ##..         5%          1    None
b - Blink                 Tloc           N/A          9%          2    ##.....
c - Mephitic Cloud        Conj/Pois/Air  ##......     21%         3    ###....
f - Conjure Flame         Conj/Fire      ##......     21%         3    ###....

Your spell library contained the following spells:

 Spells                   Type           Power        Failure   Level  Hunger
 Call Imp                 Summ           #.......     14%         2    ##.....
 Slow                     Hex            #.......     21%         2    ##.....


Dungeon Overview and Level Annotations

Branches:
Dungeon (5/15)
 Temple: D:4-7

Altars:
Qazlal
Sif Muna
Uskayaw
Vehumet
Yredelemnul

Shops:
D:5 %


Innate Abilities, Weirdness & Mutations

You cannot wear most types of armour.
You are very stealthy in the water. (Stealth+)
You are amphibious.
You can wear up to eight rings at the same time.
You can use your tentacles to constrict eight enemies at once.
Your skin changes colour to match your surroundings (Stealth+).
Your rubbery body absorbs attacks. (AC +1, EV +1)


Message History

The centaur zombie is severely damaged.
The centaur zombie hits you.
* * * LOW HITPOINT WARNING * * *
You hit the centaur zombie but do no damage.
The centaur zombie is severely damaged.
The centaur zombie hits you but does no damage.
You hit the centaur zombie.
The centaur zombie is almost destroyed.
The centaur zombie hits you.
* * * LOW HITPOINT WARNING * * *
The centaur zombie misses you.
You hit the centaur zombie.
The centaur zombie is almost destroyed.
The centaur zombie closely misses you.
You hit the centaur zombie but do no damage.
The centaur zombie is almost destroyed.
The centaur zombie hits you.
* * * LOW HITPOINT WARNING * * *
The centaur zombie hits you!
You die...

#.# ##<....##*#.#*
#.###.......##..,**
####.#.........#.#**,**
##.##....†....#..#* **,*
#.....#.#.....#..# *,*
##.##.#.#....?...## **,*
#.##.#...........#**,,*
**#.##.#.......#.#....#,* **
,,............##@#,####,*** *,
,,..#.###.#.#.##Z#,*,,,,,,* ***,
*#≈.#.,...#......#,,<,,,*,****,,∩
,..≈#.#######.####**,**,,,,,,,,*,
≈,≈,,,* #...# *,**,*,******,
,,,≈*** #.∩.# *,**,*,* ** **≈,,*
#...# *,,,,,,* **,,* #%..#
****,*** **,* #...# ****,***


You could see a centaur zombie.

Vanquished Creatures
  An ogre (D:3)
  2 hounds (D:5)
  An orc wizard (D:3)
  A hound skeleton (D:4)
  An adder (D:2)
  A worm (D:3)
  A dart slug (D:1)
  2 leopard geckos
  2 orcs (D:3)
  3 bats
  2 giant cockroaches (D:3)
  17 goblins
  6 hobgoblins
  4 jackals (D:2)
  5 quokkas
  3 ball pythons
  A frilled lizard (D:4)
  7 rats
60 creatures vanquished.

Notes
Turn   | Place    | Note
-------+----------+-------------------------------------------
     0 | D:1      | Esekla the Octopode Wizard began the quest for the Orb.
     0 | D:1      | Reached XP level 1. HP: 11/11 MP: 4/4
   629 | D:1      | Reached XP level 2. HP: 12/17 MP: 1/6
   634 | D:1      | Learned a level 2 spell: Blink
  1244 | D:2      | Reached XP level 3. HP: 18/22 MP: 2/7
  1622 | D:2      | Reached skill level 1 in Fighting
  1829 | D:2      | Found a basalt altar of Yredelemnul.
  2098 | D:2      | Found a stormy altar of Qazlal.
  2161 | D:2      | Learned a level 3 spell: Mephitic Cloud
  2392 | D:3      | Reached XP level 4. HP: 28/28 MP: 6/9
  2771 | D:3      | Found a radiant altar of Vehumet.
  2799 | D:3      | Became a worshipper of Vehumet
  2872 | D:3      | Noticed an ogre
  3162 | D:3      | Found a deep blue altar of Sif Muna.
  3283 | D:4      | Found a hide-covered altar of Uskayaw.
  3387 | D:4      | Reached XP level 5. HP: 25/34 MP: 6/10
  3619 | D:2      | Learned a level 3 spell: Conjure Flame
  4391 | D:3      | Killed an ogre
  4391 | D:3      | Reached skill level 1 in Air Magic
  4391 | D:3      | Reached skill level 1 in Poison Magic
  4466 | D:5      | Entered Level 5 of the Dungeon
  4482 | D:5      | Reached XP level 6. HP: 26/39 MP: 4/11
  4502 | D:5      | Reached skill level 1 in Short Blades
  4502 | D:5      | Reached skill level 1 in Fire Magic
  4514 | D:5      | Found Ivig's Food Shoppe.
  4553 | D:5      | Slain by a centaur zombie

Levels and vault maps discovered:
D:1:      nicolae_arrival_memento_mori, layout_loops_ring,
          chequers_serial_rivers_micro_b
D:2:      layout_loops_ring, overflow_temple_1_default,
          nicolae_qazlal_eye_of_the_storm
D:3:      layout_rooms, lemuel_doored_altar, nicolae_overflow_hidden_temple,
          minmay_ogre_servants
D:4:      layout_rooms, eat_drink_and_be_merry_uskayaw
D:5:      layout_loops_cross, slow_altar_2, nicolae_ru_path_of_blood,
          serial_shops, shop, nicolae_shop_crystal, first_ration,
          lightli_sewer_entry_pipes, st_stairs_3, uniq_edmund

Skill      XL: |  1  2  3  4  5  6 |
---------------+-------------------+-----
Stealth        | 3 |  3.9
Fighting       | 1 2 |  2.1
Translocations | 2 |  2.1
Conjurations   | 2 |  2.2
Air Magic      | 1 |  1.3
Poison Magic   | 1 |  1.5
Short Blades   | 1 |  1.1
Fire Magic     | 1 |  1.1
Throwing       | |  0.2
Dodging        | |  2.3
Spellcasting   | |  3.5
Summonings     | |  1.0

Action                   |  1- 3 |  4- 6 || total
-------------------------+-------+-------++-------
Melee: Dagger            |    74 |    99 ||   173
       Unarmed           |     7 |       ||     7
       Constrict         |    19 |    14 ||    33
       Tentacles         |    12 |    15 ||    27
Throw: Javelin           |       |    10 ||    10
 Cast: Magic Dart        |    41 |    30 ||    71
       Blink             |       |     6 ||     6
       Mephitic Cloud    |       |     3 ||     3
       Conjure Flame     |       |     6 ||     6
  Use: Scroll            |       |     8 ||     8
 Stab: Sleeping          |     7 |     4 ||    11
       Confused          |       |     1 ||     1
  Eat: Ration            |     2 |     2 ||     4
Armor: Skin              |     5 |     7 ||    12
Dodge: Dodged            |    54 |    49 ||   103

Table legend:
 A = Non-vault XP
 B = Vault XP
 C = Vault XP percentage of total XP
 D = Non-vault monster count
 E = Vault monster count
 F = Vault count percentage of total count
                 A         B        C        D         E       F
            +---------+---------+-------+---------+---------+-------
      Total |     243 |     138 |  36.2 |      51 |       9 |  15.0
            +---------+---------+-------+---------+---------+-------
        D:1 |      21 |       0 |   0.0 |      11 |       0 |   0.0
        D:2 |      40 |       0 |   0.0 |      16 |       0 |   0.0
        D:3 |      76 |     138 |  64.5 |      19 |       9 |  32.1
        D:4 |      21 |       0 |   0.0 |       3 |       0 |   0.0
        D:5 |      85 |       0 |   0.0 |       2 |       0 |   0.0
            +---------+---------+-------+---------+---------+-------
